 Dungeon Crawl Stone Soup version 0.31-a0-102-g33a4ccc0cb (webtiles) character file.

Game seed: 13934016313713533670

72 greynaab the Trooper (level 4, 0/22 HPs)
             Began as a Felid Monk on May 26, 2023.
             Was a Believer of Wu Jian.
             Succumbed to an adder's poison
             ... on level 5 of the Dungeon.
             The game lasted 00:06:44 (3210 turns).

greynaab the Trooper (Felid Monk)                   Turns: 3210, Time: 00:06:45

Health: 0/22       AC:  1    Str:  7    XL:     4   Next: 6%
Magic:  5/5        EV: 19    Int: 11    God:    Wu Jian [**....]
Gold:   117        SH:  0    Dex: 20    Spells: 3/3 levels left
                                        Lives:  0   Deaths: 1

rFire   . .          .
                       - Unarmed
rCold   . . .        (shield unavailable)
rNeg    . . .        (body armour unavailable)
rPois   .            (helmet unavailable)
rElec   .            (cloak unavailable)
rCorr   .            (gloves unavailable)
SInv    +            (boots unavailable)
Will    .....        d - amulet of faith
Stlth   ++           (no ring)
HPRegen 0.23/turn    (no ring)
MPRegen 0.09/turn

%: faith
@: lethally poisoned (0 -> -4), quick
A: very small, claws 1, fangs 3, see invisible, speed 1, shaggy fur 1, stealthy
paws, no weapons or thrown items, no armour, multi-lived
a: Renounce Religion, Wall Jump


You were on level 5 of the Dungeon.
You worshipped Wu Jian.
Wu Jian was pleased with you.
You visited 2 branches of the dungeon, and saw 7 of its levels.

You collected 117 gold pieces.

Inventory:

Jewellery
 d - an amulet of faith (around neck)
 o - a +4 ring of slaying
 p - a ring of protection from fire
Scrolls
 b - a scroll of immolation {unknown}
 c - a scroll of silence
 e - a scroll of fear {unknown}
 g - a scroll of brand weapon {unknown}
 h - a scroll of vulnerability {unknown}
 i - 4 scrolls of identify {unknown}
 q - a scroll of enchant armour {unknown}
 r - a scroll of teleportation {unknown}
Potions
 a - a potion of ambrosia
 f - a potion of brilliance {unknown}
 j - a potion of curing {unknown}
 k - a potion of mutation {unknown}
 l - a potion of enlightenment {unknown}
 m - a potion of magic {unknown}
 n - a potion of attraction {unknown}


   Skills:
 * Level 4.3 Fighting
 - Level 4.2 Dodging
 + Level 2.2 Stealth
 * Level 4.3 Unarmed Combat


You had 3 spell levels left.
You didn't know any spells.
Your spell library contained the following spells:

 Spells                   Type           Power      Damage    Failure   Level
 Apportation              Tloc           0%         N/A       34%         1
 Necrotise                Necr           0%         1d4       34%         1
 Summon Small Mammal      Summ           0%         N/A       34%         1


Dungeon Overview and Level Annotations

Branches:
Dungeon (6/15) Zot: 26936  Temple (1/1) D:4 Zot: 5800

Altars:
Dithmenos
Elyvilon
Fedhas
Gozag
Nemelex Xobeh
Okawaru
Ru
Trog
Vehumet
Wu Jian
Yredelemnul

Annotations:
D:1 1 runed translucent door
D:3 Grinder
D:4 exclusion: scorpion


Innate Abilities, Weirdness & Mutations

You have sharp claws.
You have razor-sharp teeth.
You have supernaturally acute eyesight. (SInv)
You cover ground quickly. (Speed+)
You are covered in fur. (AC +1)
Your paws help you pounce on unaware monsters.
You are incapable of wielding weapons or throwing items.
You cannot wear armour.
You gain extra lives every three experience levels.


Message History

You are poisoned.
The adder poisons you!
You claw the adder!
You kill the adder!
The Council accepts your kill.
You feel sick. The adder bites you.
Welcome back to level 4!
You are too injured to fight recklessly!
You are too injured to fight recklessly!
You are too injured to fight recklessly!
You are too injured to fight recklessly!
Unknown command.
You miss the adder.
You feel sick. The adder barely misses you.
You scratch the adder. Your bite misses the adder.
The adder is moderately wounded.
You feel sick. The adder bites you.
You are more poisoned.
The adder poisons you! The adder closely misses you.
You scratch the adder.
The adder is moderately wounded.
You feel sick. The adder bites you.
* * * LOW HITPOINT WARNING * * *
You are lethally poisoned!
The adder poisons you!
You scratch the adder.
The adder is heavily wounded.
* * * LOW HITPOINT WARNING * * *
You feel sick. The adder bites you.
* * * LOW HITPOINT WARNING * * *
You closely miss the adder.
The adder is heavily wounded.
* * * LOW HITPOINT WARNING * * *
You feel sick. The adder closely misses you.
You scratch the adder.
The adder is severely wounded.
* * * LOW HITPOINT WARNING * * *
You feel sick. The adder barely misses you.
You barely miss the adder.
The adder is severely wounded.
You die...

#.##..##.##.##....# #.#.# #
#...#.#........# #.#.# #
#..##$##..###### #.#.# #.
##...###..## #.#.# #..
##.....#...# #.... #...
#......#...###########.# .....
##....###..............#
#.....#.....S#..)#############
............†@..........
##.#+#####..#.##########
#....# ######


You could see an adder.

Vanquished Creatures
  A hound (D:5)
  6 adders
  3 dart slugs
  An orc (D:3)
  7 endoplasms
  2 giant cockroaches
  8 goblins
  6 hobgoblins
  2 quokkas (D:1)
  2 ball pythons
  3 bats
  4 frilled lizards
  4 kobolds
  A rat (D:1)
50 creatures vanquished.

Notes
Turn   | Place    | Note
-------+----------+-------------------------------------------
     0 | D:1      | greynaab the Felid Monk began the quest for the Orb.
     0 | D:1      | Reached XP level 1. HP: 10/10 MP: 2/2
     1 | D:1      | Found a runed translucent door.
   248 | D:1      | Reached XP level 2. HP: 9/14 MP: 3/3
   970 | D:2      | Reached XP level 3. HP: 17/17 MP: 4/4
  1235 | D:2      | Reached skill level 1 in Stealth
  2063 | D:3      | Noticed Grinder
  2150 | D:4      | Found a staircase to the Ecumenical Temple.
  2160 | Temple   | Entered the Ecumenical Temple
  2371 | Temple   | Became a worshipper of the Wu Jian Council
  2371 | Temple   | Reached * piety under Wu Jian
  2371 | Temple   | Reached ** piety under Wu Jian
  2438 | D:4      | Noticed a scorpion
  2612 | D:4      | Reached XP level 4. HP: 12/22 MP: 5/5
  2680 | D:4      | You fall into a shaft and drop 2 floors!
  2723 | D:5      | Entered Level 5 of the Dungeon
  3132 | D:5      | Succumbed to an adder's poison
  3133 | D:5      | Reached XP level 3. HP: 0/18 MP: 4/4
  3204 | D:5      | Reached XP level 4. HP: 14/22 MP: 5/5
  3210 | D:5      | Succumbed to an adder's poison

Illustrated notes

Levels and vault maps discovered:
D:1:      dpeg_arrival_caged_fury, layout_loops_ring, amethyst_killhole,
          nicolae_figureground_pulse
D:2:      layout_basic
D:3:      layout_loops_corners, kennysheep_vampire_church, uniq_grinder
D:4:      layout_basic, minmay_overflow_temple_star_hex,
          minmay_temple_entry_ruins
D:5:      layout_basic, nicolae_half_adder, uniq_menkaure
D:6:      minmay_chambers_of_threes, layout_loops_ring,
          mainiacjoe_overflow_boulevard, minmay_misc_feat_roman,
          guppyfry_shop_venom
Temple:   minmay_temple_curvy_loop

Skill      XL: |  1  2  3  4 |
---------------+-------------+-----
Stealth        | 1 2 |  2.2
Fighting       | 4 |  4.3
Unarmed Combat | 4 |  4.3
Dodging        | |  4.2

Action                     |  1- 3 |  4- 6 || total
---------------------------+-------+-------++-------
  Melee: Unarmed           |   117 |    33 ||   150
         Bite              |    10 |     3 ||    13
         Punch             |     5 |     1 ||     6
Ability: Lunge             |     3 |       ||     3
         Whirlwind         |       |     6 ||     6
    Use: Scroll            |     1 |       ||     1
   Stab: Sleeping          |     8 |       ||     8
 Armour: Skin              |     3 |     2 ||     5
  Dodge: Dodged            |    70 |    37 ||   107

Table legend: (Time is in decaauts)
 A = Elapsed time spent in this place.
 B = Non-inter-level travel time spent in this place.
 C = Inter-level travel time spent in this place.
 D = Time resting spent in this place.
 E = Time spent auto-exploring this place.
 F = Levels seen in this place.
 G = Mean time per level.
                   A        B        C        D        E       F      G
               +--------+--------+--------+--------+--------+-----+--------+
         Total |   2698 |   2653 |     45 |    326 |   1808 |   7 |  385.4 |
       Dungeon |   2498 |   2484 |     14 |    326 |   1648 |   6 |  416.3 |
        Temple |    199 |    169 |     30 |      0 |    159 |   1 |  199.0 |
               +--------+--------+--------+--------+--------+-----+--------+

Top non-repeatable levels by time:
     D:1: 740 daAuts
     D:2: 562 daAuts
     D:3: 455 daAuts
     D:5: 440 daAuts
     D:4: 264 daAuts
  Temple: 199 daAuts
     D:6: 34 daAuts
